 Dungeon Crawl Stone Soup version 0.26-a0-720-g2a1d101370 (webtiles) character file.

Game seed: 14624968333694509186

17 Riddle the Covert (level 2, 0/29 HPs)
             Began as a Gnoll Delver on Nov 2, 2020.
             Succumbed to a kobold's poison
             ... on level 3 of the Dungeon.
             The game lasted 00:03:10 (494 turns).

Riddle the Covert (Gnoll Delver)                     Turns: 494, Time: 00:03:11

Health: 0/29       AC:  5    Str: 14    XL:     2   Next: 62%
Magic:  2/2        EV: 13    Int: 12    God:
Gold:   19         SH:  0    Dex: 16    Spells: 2/2 levels left

rFire    + . .     SeeInvis .   a - +0 hand axe
rCold    . . .     Faith    .   (no shield)
rNeg     . . .     Spirit   .   j - +0 ring mail {rF+}
rPois    .         Reflect  .   (no helmet)
rElec    .         Harm     .   (no cloak)
rCorr    .         Rampage  .   (no gloves)
MR       .....                  (no boots)
Stlth    ++++......             (no amulet)
HPRegen  0.09/turn              (no ring)
MPRegen  0.08/turn              (no ring)

@: lethally poisoned (0 -> -5)
A: distributed training, fangs 1, strong nose
a: no special abilities


You were on level 3 of the Dungeon.
You visited 1 branch of the dungeon, and saw 3 of its levels.

You collected 19 gold pieces.

Inventory:

Hand Weapons
 a - a +0 hand axe (weapon)
Armour
 b - a +0 leather armour
 f - a cursed +0 robe
 j - a +0 ring mail of fire resistance (worn)
Wands
 g - a wand of digging (3)
Scrolls
 c - a scroll of fog
 d - a scroll of magic mapping
 e - a scroll of fear
 h - a scroll of random uselessness {unknown}
Potions
 i - a potion of heal wounds {unknown}
 k - a potion of haste
 l - a potion of stabbing {unknown}


   Skills:
 + Level 6.5 Fighting
 + Level 0.5 Short Blades
 + Level 0.5 Long Blades
 + Level 4.5 Axes
 + Level 0.5 Maces & Flails
 + Level 0.5 Polearms
 + Level 0.5 Staves
 + Level 0.5 Slings
 + Level 0.5 Bows
 + Level 0.5 Crossbows
 + Level 0.5 Throwing
 + Level 0.5 Armour
 + Level 4.5 Dodging
 + Level 9.5 Stealth
 + Level 0.5 Shields
 + Level 0.5 Unarmed Combat
 + Level 0.5 Spellcasting
 + Level 0.3 Conjurations
 + Level 0.3 Hexes
 + Level 0.3 Summonings
 + Level 0.3 Necromancy
 + Level 0.3 Translocations
 + Level 0.3 Transmutations
 + Level 0.3 Fire Magic
 + Level 0.3 Ice Magic
 + Level 0.3 Air Magic
 + Level 0.3 Earth Magic
 + Level 0.3 Poison Magic
 + Level 0.6 Invocations
 + Level 0.5 Evocations


You had 2 spell levels left.
You didn't know any spells.
Your spell library was empty.

Dungeon Overview and Level Annotations

Branches:
Dungeon (5/15)
 Temple: D:4-7

Altars:

Annotations:
D:4 Grinder


Innate Abilities, Weirdness & Mutations

Your experience applies equally to all skills.
You have very sharp teeth.
Your uncanny sense of smell can sniff out nearby items.


Message History

You hit the jackal but do no damage. You hit the ball python.
You kill the ball python!
* * * LOW HITPOINT WARNING * * *
You feel sick.
The jackal bites you but does no damage.
Unknown command.
You closely miss the jackal.
* * * LOW HITPOINT WARNING * * *
You feel sick.
The jackal bites you but does no damage.
The jackal misses you.
Unknown command.
You completely miss the jackal. Your bite misses the jackal.
The jackal misses you.
Unknown command.
Okay, then.
You hit the jackal.
You kill the jackal!
You hear the slow rusting of a distant drain.
You die...

#)....####
#........# ####
#...†....# #..
####.....# #.###
#.....###.#.#
#.#........# ∆
#.........####...
###....)†(.....#
#.....@#.#.....
#.(....#.# ....
########.# . . K#
.# .# .# ∆


There were no monsters in sight!

Vanquished Creatures
  4 orcs (D:4)
  4 jackals (D:3)
  A kobold (D:3)
  2 ball pythons (D:3)
  A rat (D:3)
12 creatures vanquished.

Vanquished Creatures (others)
  An orc (D:5)
1 creature vanquished.

Grand Total: 13 creatures vanquished

Notes
Turn   | Place    | Note
-------+----------+-------------------------------------------
     0 | D:5      | Reached skill level 9 in Stealth
     0 | D:5      | Riddle the Gnoll Delver began the quest for the Orb.
     0 | D:5      | Reached XP level 1. HP: 23/23 MP: 1/1
    11 | D:5      | Noticed an orc priest
    12 | D:5      | Noticed an orc wizard
    12 | D:5      | Noticed an orc priest
    22 | D:5      | Noticed a sky beast
    26 | D:4      | Noticed a worker ant
    89 | D:4      | Noticed a scorpion
   116 | D:4      | Noticed a worker ant
   143 | D:4      | Noticed Grinder
   288 | D:4      | Reached XP level 2. HP: 14/29 MP: 2/2
   492 | D:3      | HP: 1/29 [poisoned by a kobold]
   494 | D:3      | Succumbed to a kobold's poison

Illustrated notes

Levels and vault maps discovered:
D:3:      layout_basic, gup_sewer_entry_pipe, minmay_misc_feat_tiny
D:4:      layout_loops_corners, lemuel_doored_altar, uniq_grinder
D:5:      layout_loops_ring, grunt_temple_overflow_holy_war,
          vehumet_altar_wand_db, lemuel_crystal_altar,
          overflow_temple_1_default, nemelex_xobeh_ov_fountains_minmay,
          uniq_crazy_yiuf_cottage, uniq_prince_ribbit1

Skill      XL: | |
---------------+-+-----
Stealth        | |  9.5
Fighting       | |  6.5
Short Blades   | |  0.5
Long Blades    | |  0.5
Axes           | |  4.5
Maces & Flails | |  0.5
Polearms       | |  0.5
Staves         | |  0.5
Slings         | |  0.5
Bows           | |  0.5
Crossbows      | |  0.5
Throwing       | |  0.5
Armour         | |  0.5
Dodging        | |  4.5
Shields        | |  0.5
Unarmed Combat | |  0.5
Spellcasting   | |  0.5
Conjurations   | |  0.3
Hexes          | |  0.3
Summonings     | |  0.3
Necromancy     | |  0.3
Translocations | |  0.3
Transmutations | |  0.3
Fire Magic     | |  0.3
Ice Magic      | |  0.3
Air Magic      | |  0.3
Earth Magic    | |  0.3
Poison Magic   | |  0.3
Invocations    | |  0.6
Evocations     | |  0.5

Action                   || total
-------------------------++-------
Melee: Hand axe          ||    30
       Bite              ||     6
  Use: Potion            ||     1
 Stab: Distracted        ||     1
       Sleeping          ||     1
Armor: Ring mail         ||    10
Dodge: Dodged            ||    30

Table legend: (Time is in decaauts)
 A = Elapsed time spent in this place.
 B = Non-inter-level travel time spent in this place.
 C = Inter-level travel time spent in this place.
 D = Time resting spent in this place.
 E = Time spent auto-exploring this place.
 F = Levels seen in this place.
 G = Mean time per level.
                   A        B        C        D        E       F      G
               +--------+--------+--------+--------+--------+-----+--------+
         Total |    477 |    477 |      0 |    142 |      0 |   3 |  159.0 |
       Dungeon |    477 |    477 |      0 |    142 |      0 |   3 |  159.0 |
               +--------+--------+--------+--------+--------+-----+--------+

Top non-repeatable levels by time:
     D:4: 401 daAuts
     D:3: 50 daAuts
     D:5: 26 daAuts
